TOP OF THE 1ST |
York Revolution batting - Pitching for Detroit Red Wings : RHP Chris Wilkerson
|
Pitching: RHP Chris Wilkerson
|
|
Batting: RHB Tony Perez
|
0-0: Ball 1-0: Foul Ball, location: 2F 1-1: Foul Ball, location: 2F 1-2: Foul Ball, location: 2F 1-2: Ball 2-2: Ball 3-2: SINGLE (Line Drive, 6D, EV 98.8 MPH)
|
Batting: RHB Juan Valadez
|
0-0: Swinging Strike 0-1: Ball 1-1: Fielders Choice at 2nd, 1-6 (Groundball, 13S, EV 73.8 MPH)
|
Batting: RHB Chris Myers
|
0-0: Called Strike 0-1: Grounds into double play, U4-3 (Groundball, 6M, EV 82.5 MPH)
|
Top of the 1st over - 0 runs, 1 hit, 0 errors, 0 left on base; York 0 - Detroit 0 |
BOTTOM OF THE 1ST |
Detroit Red Wings batting - Pitching for York Revolution : LHP Cesar Andrade
|
Pitching: LHP Cesar Andrade
|
|
Batting: RHB Alex Duarte
|
0-0: SINGLE (Line Drive, 8LS, EV 101.2 MPH)
|
Batting: RHB Carlos Avila
|
0-0: Ball 1-0: Swinging Strike 1-1: Ball 2-1: Swinging Strike 2-2: 2-RUN HOME RUN (Flyball, 7LD, EV 92.5 MPH), Distance : 348 ft
|
Batting: RHB Jorge Lebron
|
0-0: Reached on error, E6 (Groundball, 6, EV 84.4 MPH)
|
Batting: RHB Yankel Pensak
|
0-0: Ball 1-0: Foul Ball, location: 2F 1-1: Ball 2-1: Foul Ball, location: 2F 2-2: SINGLE (Line Drive, 7S, EV 101.9 MPH) Jorge Lebron to third Runner from 3rd tries for Home, SAFE, throw by LF to home
|
Batting: LHB Duda Pinho
|
0-0: Called Strike 0-1: Ball 1-1: Swinging Strike 1-2: Fielders Choice at 2nd, 4-6 (Groundball, 34, EV 106.9 MPH)
|
Batting: LHB Iestyn Peacock
|
0-0: Called Strike 0-1: Ball 1-1: Called Strike 1-2: Ball 2-2: Foul Ball, location: 2F 2-2: SINGLE (Line Drive, 78S, EV 103.8 MPH) Duda Pinho to second Runner from 2nd tries for 3rd, SAFE, throw by CF made to third
|
Batting: LHB Jose Peralez
|
0-0: Ball 1-0: Ball 2-0: Ball 3-0: Called Strike 3-1: Foul Ball, location: 2F 3-2: Strikes out looking
|
Batting: SHB Franklin Garza
|
0-0: Called Strike 0-1: Foul Ball, location: 2F 0-2: Ball 1-2: Ball 2-2: Strikes out swinging
|
Bottom of the 1st over - 3 runs, 4 hits, 1 error, 2 left on base; York 0 - Detroit 3 |
TOP OF THE 2ND |
York Revolution batting - Pitching for Detroit Red Wings : RHP Chris Wilkerson
|
Batting: RHB Trent Hedrick
|
0-0: Ground out 6-3 (Groundball, 56, EV 102.5 MPH)
|
Batting: RHB Simon Mergeni
|
0-0: Foul Ball, location: 2F 0-1: Foul Ball, location: 2F 0-2: Ball 1-2: Ball 2-2: Ball 3-2: Base on Balls
|
Batting: SHB Steve DeRienzo
|
0-0: Called Strike 0-1: Grounds out, U3 (Groundball, 3L, EV 83.1 MPH)
|
Batting: RHB Eddie Serna
|
0-0: Ball 1-0: Ball 2-0: Ball 3-0: Base on Balls
|
Batting: LHB Travis Hahn
|
0-0: Ball Wild Pitch! Simon Mergeni to third Eddie Serna to second 1-0: Foul Ball, location: 2F 1-1: Ground out 4-3 (Groundball, 4, EV 104.4 MPH)
|
Top of the 2nd over - 0 runs, 0 hits, 0 errors, 2 left on base; York 0 - Detroit 3 |
BOTTOM OF THE 2ND |
Detroit Red Wings batting - Pitching for York Revolution : LHP Cesar Andrade
|
Batting: RHB Cody Kafer
|
0-0: Called Strike 0-1: Ball 1-1: Fly out, F8 (Flyball, 8LD, EV 87.5 MPH)
|
Batting: RHB Alex Duarte
|
0-0: Ball 1-0: Foul Ball, location: 2F 1-1: Ball 2-1: Ball 3-1: Ground out 4-3 (Groundball, 4, EV 81.9 MPH)
|
Batting: RHB Carlos Avila
|
0-0: Called Strike 0-1: Called Strike 0-2: Foul Ball, location: 2F 0-2: Fly out, F9 (Flyball, 9, EV 91.2 MPH)
|
Bottom of the 2nd over - 0 runs, 0 hits, 0 errors, 0 left on base; York 0 - Detroit 3 |
TOP OF THE 3RD |
York Revolution batting - Pitching for Detroit Red Wings : RHP Chris Wilkerson
|
Batting: RHB Alexis Graciani
|
0-0: Ball 1-0: Swinging Strike 1-1: Called Strike 1-2: Ball 2-2: Strikes out looking
|
Batting: RHB Tony Perez
|
0-0: Foul Ball, location: 2F 0-1: Swinging Strike 0-2: Ball 1-2: Foul Ball, location: 2F 1-2: Ball 2-2: Foul Ball, location: 2F 2-2: Strikes out looking
|
Batting: RHB Juan Valadez
|
0-0: Ball 1-0: Ball 2-0: Ball 3-0: Called Strike 3-1: Called Strike 3-2: Fly out, F9 (Flyball, 9, EV 88.8 MPH)
|
Top of the 3rd over - 0 runs, 0 hits, 0 errors, 0 left on base; York 0 - Detroit 3 |
BOTTOM OF THE 3RD |
Detroit Red Wings batting - Pitching for York Revolution : LHP Cesar Andrade
|
Batting: RHB Jorge Lebron
|
0-0: Ground out 6-3 (Groundball, 56, EV 100.0 MPH)
|
Batting: RHB Yankel Pensak
|
0-0: Ball 1-0: Ball 2-0: Ground out 6-3 (Groundball, 6S, EV 86.2 MPH)
|
Batting: LHB Duda Pinho
|
0-0: Ball 1-0: Ball 2-0: Called Strike 2-1: Ball 3-1: Base on Balls
|
Batting: LHB Iestyn Peacock
|
0-0: Foul Ball, location: 2F 0-1: Called Strike 0-2: Ground out 4-3 (Groundball, 4, EV 95.0 MPH)
|
Bottom of the 3rd over - 0 runs, 0 hits, 0 errors, 1 left on base; York 0 - Detroit 3 |
TOP OF THE 4TH |
York Revolution batting - Pitching for Detroit Red Wings : RHP Chris Wilkerson
|
Batting: RHB Chris Myers
|
0-0: Foul Ball, location: 2F 0-1: Foul Ball, location: 2F 0-2: Ball 1-2: Fly out, F2 (Popup, 23F, EV 80.0 MPH)
|
Batting: RHB Trent Hedrick
|
0-0: Ball 1-0: Foul Ball, location: 2F 1-1: Ball 2-1: Foul Ball, location: 2F 2-2: Ball 3-2: Base on Balls
|
Batting: RHB Simon Mergeni
|
0-0: Foul Ball, location: 2F 0-1: Ball 1-1: Foul Ball, location: 2F 1-2: Foul Ball, location: 2F 1-2: Strikes out swinging
|
Batting: SHB Steve DeRienzo
|
0-0: Foul Ball, location: 2F 0-1: Ball 1-1: Swinging Strike 1-2: Strikes out swinging
|
Top of the 4th over - 0 runs, 0 hits, 0 errors, 1 left on base; York 0 - Detroit 3 |
BOTTOM OF THE 4TH |
Detroit Red Wings batting - Pitching for York Revolution : LHP Cesar Andrade
|
Batting: LHB Jose Peralez
|
0-0: Ball 1-0: Ball 2-0: Ball 3-0: Base on Balls
|
Batting: SHB Franklin Garza
|
0-0: Foul Ball, location: 2F 0-1: Ball 1-1: Swinging Strike 1-2: Grounds into double play, 5-4-3 (Groundball, 56S, EV 82.5 MPH)
|
Batting: RHB Cody Kafer
|
0-0: Ball 1-0: Ball 2-0: Ground out 5-3 (Groundball, 56, EV 85.6 MPH)
|
Bottom of the 4th over - 0 runs, 0 hits, 0 errors, 0 left on base; York 0 - Detroit 3 |
TOP OF THE 5TH |
York Revolution batting - Pitching for Detroit Red Wings : RHP Chris Wilkerson
|
Batting: RHB Eddie Serna
|
0-0: Swinging Strike 0-1: Foul Ball, location: 2F 0-2: Ball 1-2: Foul Ball, location: 2F 1-2: Strikes out looking
|
Batting: LHB Travis Hahn
|
0-0: Ball 1-0: Swinging Strike 1-1: Ball 2-1: Foul Ball, location: 2F 2-2: Ball 3-2: Strikes out swinging
|
Batting: RHB Alexis Graciani
|
0-0: Called Strike 0-1: Ball 1-1: Foul Ball, location: 2F 1-2: Ball 2-2: Ball 3-2: Strikes out swinging
|
Top of the 5th over - 0 runs, 0 hits, 0 errors, 0 left on base; York 0 - Detroit 3 |
BOTTOM OF THE 5TH |
Detroit Red Wings batting - Pitching for York Revolution : LHP Cesar Andrade
|
Batting: RHB Alex Duarte
|
0-0: Ball 1-0: Fly out, F8 (Flyball, 8RD, EV 101.2 MPH)
|
Batting: RHB Carlos Avila
|
0-0: Ball 1-0: Swinging Strike 1-1: Called Strike 1-2: Strikes out swinging
|
Batting: RHB Jorge Lebron
|
0-0: Foul Ball, location: 2F 0-1: Ball 1-1: Ball 2-1: Called Strike 2-2: Strikes out swinging
|
Bottom of the 5th over - 0 runs, 0 hits, 0 errors, 0 left on base; York 0 - Detroit 3 |
TOP OF THE 6TH |
York Revolution batting - Pitching for Detroit Red Wings : RHP Chris Wilkerson
|
Batting: RHB Tony Perez
|
0-0: Ball 1-0: Fly out, F8 (Flyball, 8RM, EV 96.9 MPH)
|
Batting: RHB Juan Valadez
|
0-0: Swinging Strike 0-1: Ball 1-1: Ball 2-1: Ground out 4-3 (Groundball, 4, EV 94.4 MPH)
|
Batting: RHB Chris Myers
|
0-0: Ball 1-0: Called Strike 1-1: Ball 2-1: Ball 3-1: Foul Ball, location: 2F 3-2: Foul Ball, location: 2F 3-2: Foul Ball, location: 2F 3-2: SINGLE (Groundball, 4MD, EV 106.9 MPH)
|
Batting: RHB Trent Hedrick
|
0-0: Foul Ball, location: 2F 0-1: Ball 1-1: Ball 2-1: SINGLE (Groundball, 56D, EV 85.6 MPH) (infield hit) Chris Myers to second
|
Pitching: LHP Estêvão Cavadas
|
|
Batting: RHB Simon Mergeni
|
0-0: Ball 1-0: Swinging Strike 1-1: Fly out, F3 (Popup, 34S, EV 79.4 MPH)
|
Top of the 6th over - 0 runs, 2 hits, 0 errors, 2 left on base; York 0 - Detroit 3 |
BOTTOM OF THE 6TH |
Detroit Red Wings batting - Pitching for York Revolution : LHP Cesar Andrade
|
Batting: RHB Yankel Pensak
|
0-0: Ball 1-0: Foul Ball, location: 2F 1-1: Fly out, F5 (Popup, 56S, EV 73.8 MPH)
|
Pitching: RHP Joe Morse
|
|
Batting: LHB Duda Pinho
|
0-0: Ball 1-0: Fly out, F3 (Line Drive, 34, EV 64.4 MPH)
|
Batting: LHB Iestyn Peacock
|
0-0: Called Strike 0-1: Foul Ball, location: 2F 0-2: Strikes out looking
|
Bottom of the 6th over - 0 runs, 0 hits, 0 errors, 0 left on base; York 0 - Detroit 3 |
TOP OF THE 7TH |
York Revolution batting - Pitching for Detroit Red Wings : LHP Estêvão Cavadas
|
Batting: SHB Steve DeRienzo
|
0-0: Fly out, F3 (Popup, 34, EV 69.4 MPH)
|
Batting: RHB Eddie Serna
|
0-0: Ball 1-0: SINGLE (Line Drive, 4D, EV 97.5 MPH)
|
Batting: LHB Travis Hahn
|
0-0: Swinging Strike 0-1: Called Strike 0-2: Ball 1-2: Foul Ball, location: 2F 1-2: Strikes out swinging
|
Batting: RHB Alexis Graciani
|
0-0: Called Strike 0-1: Called Strike 0-2: Ball Eddie Serna is caught stealing 2nd base 2-4
|
Top of the 7th over - 0 runs, 1 hit, 0 errors, 0 left on base; York 0 - Detroit 3 |
BOTTOM OF THE 7TH |
Detroit Red Wings batting - Pitching for York Revolution : RHP Joe Morse
|
Batting: LHB Jose Peralez
|
0-0: Ball 1-0: Foul Ball, location: 2F 1-1: Called Strike 1-2: Strikes out swinging
|
Batting: SHB Franklin Garza
|
0-0: Swinging Strike 0-1: Foul Ball, location: 2F 0-2: Strikes out swinging
|
Batting: RHB Cody Kafer
|
0-0: Swinging Strike 0-1: Foul Ball, location: 2F 0-2: Ball 1-2: Strikes out looking
|
Bottom of the 7th over - 0 runs, 0 hits, 0 errors, 0 left on base; York 0 - Detroit 3 |
TOP OF THE 8TH |
York Revolution batting - Pitching for Detroit Red Wings : LHP Estêvão Cavadas
|
Batting: RHB Alexis Graciani
|
0-0: Ball 1-0: SINGLE (Flyball, 78S, EV 97.5 MPH)
|
Batting: RHB Tony Perez
|
0-0: Swinging Strike 0-1: Foul Ball, location: 2F 0-2: DOUBLE (Line Drive, 78D, EV 96.9 MPH) Alexis Graciani to third
|
Batting: RHB Juan Valadez
|
0-0: Foul Ball, location: 2F 0-1: Ball 1-1: Ball 2-1: Ball 3-1: Called Strike 3-2: Foul Ball, location: 2F 3-2: Foul Ball, location: 2F 3-2: Fly out, F8 (Flyball, 8RS, EV 91.2 MPH)
|
Batting: RHB Chris Myers
|
0-0: Ball 1-0: Ball 2-0: Ball 3-0: Called Strike 3-1: SINGLE (Groundball, 56D, EV 104.4 MPH) Alexis Graciani scores Tony Perez to third
|
Batting: RHB Trent Hedrick
|
0-0: Called Strike 0-1: Foul Ball, location: 2F 0-2: Foul Ball, location: 2F 0-2: Foul Ball, location: 2F 0-2: Ball 1-2: Ball 2-2: Ball 3-2: Fly out, F3 (Line Drive, 3, EV 71.9 MPH) Lined into DP, U3 (Line Drive, 3, EV 70.6 MPH)
|
Top of the 8th over - 1 run, 3 hits, 0 errors, 1 left on base; York 1 - Detroit 3 |
BOTTOM OF THE 8TH |
Detroit Red Wings batting - Pitching for York Revolution : RHP Joe Morse
|
Batting: RHB Alex Duarte
|
0-0: Ball 1-0: Called Strike 1-1: Swinging Strike 1-2: Strikes out swinging
|
Batting: RHB Carlos Avila
|
0-0: Ball 1-0: Called Strike 1-1: Ball 2-1: Swinging Strike 2-2: Fly out, F8 (Flyball, 8RM, EV 93.1 MPH)
|
Batting: RHB Jorge Lebron
|
0-0: Called Strike 0-1: Swinging Strike 0-2: Ball 1-2: Ball 2-2: Ball 3-2: Foul Ball, location: 2F 3-2: Strikes out swinging
|
Bottom of the 8th over - 0 runs, 0 hits, 0 errors, 0 left on base; York 1 - Detroit 3 |
TOP OF THE 9TH |
York Revolution batting - Pitching for Detroit Red Wings : LHP Estêvão Cavadas
|
Batting: RHB Simon Mergeni
|
0-0: Ball 1-0: Fly out, F4 (Popup, 4, EV 56.9 MPH)
|
Batting: SHB Steve DeRienzo
|
0-0: Foul Ball, location: 2F 0-1: Ball 1-1: Hit by Pitch
|
Pitching: RHP Neel Verhelst
|
|
Pinch Hitting: LHB Matt Urbanek
|
0-0: Ball 1-0: Fly out, F8 (Line Drive, 8RM, EV 91.9 MPH)
|
Batting: RHB Jose Corral
|
0-0: Called Strike 0-1: Fly out, F8 (Flyball, 8RD, EV 103.8 MPH)
|
Top of the 9th over - 0 runs, 0 hits, 0 errors, 1 left on base; York 1 - Detroit 3 |
|